 Dungeon Crawl Stone Soup version 0.23.2-40-g277498a001 (webtiles) character file.

Game seed: 6382477873018450673

93 diiiiaane the Grave Robber (level 4, -2/24 HPs)
             Began as a Deep Elf Necromancer on Oct 2, 2019.
             Slain by Terence
             ... wielding a +0 flail
              (9 damage)
             ... on level 2 of the Dungeon.
             The game lasted 00:07:43 (2558 turns).

diiiiaane the Grave Robber (Deep Elf Necromancer)   Turns: 2558, Time: 00:07:43

Health: -2/24      AC:  2    Str:  5    XL:     4   Next: 36%
Magic:  0/12       EV: 13    Int: 21    God:
Gold:   68         SH:  0    Dex: 15    Spells: 6/11 levels left

rFire    . . .     SeeInvis .   (no weapon)
rCold    . . .     Gourm    .   (no shield)
rNeg     . . .     Faith    .   a - +0 robe
rPois    .         Spirit   .   (no helmet)
rElec    .         Reflect  .   (no cloak)
rCorr    +         Harm     .   (no gloves)
MR       .....                  (no boots)
Stlth    ++........             b - amulet of the acrobat
HPRegen  0.08/turn              h - ring of resist corrosion
MPRegen  0.13/turn              (no ring)

@: no status effects
A: no striking features
a: no special abilities


You were on level 2 of the Dungeon.
You were hungry.

You visited 1 branch of the dungeon, and saw 2 of its levels.

You collected 68 gold pieces.

Inventory:

Armour
 a - a +0 robe (worn)
Jewellery
 b - an amulet of the acrobat (around neck)
 h - a ring of resist corrosion (left hand)
Scrolls
 d - a scroll of noise {unknown}
 f - a scroll of magic mapping {unknown}
 i - a scroll of remove curse {unknown}
Potions
 e - a potion of haste {unknown}
 g - a potion of heal wounds {unknown}
 j - a potion of ambrosia {unknown}
 k - a potion of curing {unknown}
Comestibles
 c - 4 rations


   Skills:
 + Level 2.4 Dodging
 + Level 2.5 Stealth
 + Level 4.4 Spellcasting
 + Level 6.3 Necromancy


You had 6 spell levels left.
You knew the following spells:

 Your Spells              Type           Power        Failure   Level  Hunger
a - Pain                  Necr           ####         1%          1    None
b - Animate Skeleton      Necr           N/A          1%          1    None
c - Vampiric Draining     Necr           ####......   2%          3    ##.....

Your spell library contained the following spells:

 Spells                   Type           Power        Failure   Level  Hunger
 Animate Dead             Necr           N/A          9%          4    ####...
 Regeneration             Chrm/Necr      ###.......   10%         3    ##.....


Dungeon Overview and Level Annotations

Branches:
Dungeon (2/15)

Altars:
Fedhas
Ru

Annotations:
D:2 Terence


Message History

Press: ? - help, Shift-Dir - straight line, f/p - Terence
Aim: Terence, wielding a +0 flail and wearing a +3 chain mail of magic resistance (almost dead, chance to defeat MR: 63%) Terence resists with significant effort.
Terence hits you with a +0 flail!
Casting: Pain (safe; 1% risk of failure)
Confirm with . or Enter, or press ? or * to list all spells.
Aiming: Pain (safe; 1% risk of failure)
Press: ? - help, Shift-Dir - straight line, f/p - Terence
Aim: Terence, wielding a +0 flail and wearing a +3 chain mail of magic resistance (almost dead, chance to defeat MR: 63%) Terence writhes in agony.
Terence hits you with a +0 flail.
* * * LOW HITPOINT WARNING * * *
Terence screams, "I want your blood!"
Casting: Pain (safe; 1% risk of failure)
Confirm with . or Enter, or press ? or * to list all spells.
Aiming: Pain (safe; 1% risk of failure)
Press: ? - help, Shift-Dir - straight line, f/p - Terence
Aim: Terence, wielding a +0 flail and wearing a +3 chain mail of magic resistance (almost dead, chance to defeat MR: 63%) Terence resists with significant effort.
Terence hits you with a +0 flail!
You die...

#...>.........≈≈≈≈♣♣P..P.#
#..Z.......♣...≈≈≈≈.......
##.....[....P♣.♣≈♣≈≈≈.P...
##......#...♣..♣≈♣≈......
######.#....P..♣P.......
##.#................
###.Z###.#.#..#.......
#...##...#.....#...... #
#.##.@.###...#........ ..
#.#.@### #.#.####.....
#.## ###.#.## ##### ######
#..(##.....## #
##...........# ♣♣♣♣♣ #
.............# ♣♣...♣♣
.............# ♣♣.....♣♣
.............# ♣♣.......♣♣
.............# ♣...._....♣


You could see Terence.

Vanquished Creatures
  An orc wizard (D:2)
  An adder (D:2)
  An ooze (D:2)
  A worm (D:2)
  2 dart slugs
  A ball python (D:1)
  A giant cockroach (D:1)
  8 goblins
  11 hobgoblins
  6 bats
  7 kobolds
  5 rats
45 creatures vanquished.

Notes
Turn   | Place    | Note
-------+----------+-------------------------------------------
     0 | D:1      | diiiiaane the Deep Elf Necromancer began the quest for the
                  | Orb.
     0 | D:1      | Reached XP level 1. HP: 10/10 MP: 6/6
    73 | D:1      | Reached skill level 5 in Necromancy
   243 | D:1      | Reached XP level 2. HP: 6/15 MP: 0/8
   246 | D:1      | Learned a level 1 spell: Animate Skeleton
  1189 | D:1      | Reached XP level 3. HP: 19/19 MP: 8/10
  1606 | D:2      | Learned a level 3 spell: Vampiric Draining
  1656 | D:2      | Reached skill level 6 in Necromancy
  2098 | D:2      | Found a sacrificial altar of Ru.
  2113 | D:2      | Reached XP level 4. HP: 9/24 MP: 6/12
  2426 | D:2      | Found a blossoming altar of Fedhas.
  2537 | D:2      | Noticed Terence
  2558 | D:2      | Slain by Terence

Skill      XL: |  1  2  3 |
---------------+----------+-----
Necromancy     | 5 6 |  6.3
Spellcasting   | 4 |  4.4
Dodging        | |  2.4
Stealth        | |  2.5

Action                   |  1- 3 |  4- 6 || total
-------------------------+-------+-------++-------
 Cast: Pain              |    75 |    10 ||    85
       Animate Skeleton  |    11 |     1 ||    12
       Vampiric Draining |       |     2 ||     2
  Eat: Chunk             |     3 |     1 ||     4
Armor: Robe              |     2 |       ||     2
Dodge: Dodged            |    13 |     4 ||    17
